 Dungeon Sprint DCSS version 0.22-b1-26-g9dbaab1 (webtiles) character file.

2144 Goblin1989 the Cleaver (level 9, 0/75 HPs)
             Began as a Demonspawn Monk on Aug 8, 2018.
             Was the Champion of Cheibriados.
             Killed by drain life
             ... invoked by a soul eater
              (4 damage)
             ... in the Dungeon (Sprint V: "Ziggurat Sprint").
             The game lasted 00:06:29 (230 turns).

Goblin1989 the Cleaver (Demonspawn Monk)             Turns: 230, Time: 00:06:29

Health: 0/75       AC: 26    Str: 47    XL:     9   Next: 9%
Magic:  10/16      EV:  9    Int: 30    God:    Cheibriados [******]
Gold:   0          SH: 34    Dex: 30    Spells: 8/8 levels left

rFire    + . .     SeeInvis .   a - +5 broad axe
rCold    + . .     Gourm    .   z - +18 shield of the Gong {rElec rN+ MR+ EV-5}
rNeg     + . .     Faith    .   D - +5 gold dragon scales
rPois    +         Spirit   .   V - +1 helmet {Int+3}
rElec    +         Reflect  .   (no cloak)
rCorr    .         Harm     .   (no gloves)
MR       +....     NoTele   +   (no boots)
Stlth    ..........             (no amulet)
HPRegen  0.22/turn              Y - +6 ring of strength
MPRegen  0.15/turn              Z - +6 ring of strength

@: mighty, very slightly contaminated, studying 2 skills, very slow
A: talons 1, molten scales 2, powered by pain 2
a: Bend Time, Temporal Distortion, Slouch, Step From Time, Renounce Religion


You were in the Dungeon.
You worshipped Cheibriados.
Cheibriados was exalted by your worship.
You were completely stuffed.

You visited 1 branch

Inventory:

Hand Weapons
 a - a +5 broad axe (weapon)
 b - the +8 lance "Wyrmbane" {slay drac, rPois rF+ rC+ AC+3}
   (You found it in the Dungeon)

   It affects your AC (+3).
   It protects you from fire.
   It protects you from cold.
   It protects you from poison.
Armour
 z - the +18 shield of the Gong (worn) {rElec rN+ MR+ EV-5}
   (You found it in the Dungeon)

   It affects your evasion (-5).
   It insulates you from electricity.
   It protects you from negative energy.
   It affects your resistance to hostile enchantments.
 D - +5 gold dragon scales (worn)
 V - a +1 helmet of intelligence (worn)
Magical Staves
 W - an uncursed staff of power {!a}
Jewellery
 N - the ring of Zoynwy {+Blink MP+9 Str+4}
   (You found it in the Dungeon)

   [ring of magical power]

   It affects your strength (+4).
   It affects your magic capacity (+9).
   It lets you blink.
 Q - the amulet "Owuq" {Harm *Drain rN+}
   (You found it in the Dungeon)

   [amulet of harm]

   It increases damage dealt and taken.
   It protects you from negative energy.
   It causes draining when unequipped.
 X - the ring "Ysichi Qics" {MP+9 Str+3}
   (You found it in the Dungeon)

   [ring of magical power]

   It affects your strength (+3).
   It affects your magic capacity (+9).
 Y - a +6 ring of strength (left hand)
 Z - a +6 ring of strength (right hand)
Wands
 O - a wand of acid (7) {@v2}
 P - a wand of iceblast (7) {@v4}
Scrolls
 B - 3 scrolls of blinking
 K - 9 scrolls of fog
 R - 5 scrolls of identify {@r1}
 S - 5 scrolls of remove curse {@r3}
 T - 2 scrolls of fear
Potions
 c - 10 potions of heal wounds {@q2}
 d - 10 potions of curing {@q1}
 g - 7 potions of magic
 E - 2 potions of brilliance
 F - 2 potions of invisibility
 G - 3 potions of resistance
 I - 3 potions of agility
 J - 2 potions of might
Books
 M - a manual of Throwing
 U - a manual of Shields
Comestibles
 e - 6 rations


   Skills:
 + Level 8.5 Fighting
 * Level 10.7 Axes
 + Level 7.2 Armour
 + Level 7.9 Dodging
 - Level 1.7 Stealth
 + Level 9.0 Shields
 + Level 9.5 Invocations


You had 8 spell levels left.
You didn't know any spells.
Your spell library was empty.

Dungeon Overview and Level Annotations

Branches:
Dungeon (1/1)

Altars:
Ashenzari
Cheibriados
Dithmenos
Elyvilon
Fedhas
Gozag
Hepliaklqana
Kikubaaqudgha
Makhleb
Nemelex Xobeh
Okawaru
Qazlal
Ru
Sif Muna
Trog
Uskayaw
Vehumet
Wu Jian
Xom
Yredelemnul
Zin
The Shining One
Beogh
Jiyva
Lugonu

Annotations:
D 1 transporter


Innate Abilities, Weirdness & Mutations

You have sharp toenails.
You are mostly covered in molten scales. (AC +3)
You sometimes gain power by taking damage.


Message History

You feel even more energised by your suffering.
You kill the ufetubus!
You kill the white imp!
Cheibriados thoroughly appreciates the change of pace.
You kill the ufetubus! x2
You feel somewhat less full. You block Winalumyl's attack.
PTOANNNG!
You block the orange demon's attack.
GONNNNG!
The ynoxinul gestures.
You block the soul eater's attack.
GONNNNG!
Winalumyl closely misses you.
You regained 3 hp, and now have 33/75 hp.
You now have 9/16 mp.
Unknown command.
Unknown command.
You slash Winalumyl! You claw Winalumyl, but do no damage.
Winalumyl is moderately wounded.
You slash the ufetubus!
You kill the ufetubus!
You slash the ynoxinul!
You kill the ynoxinul!
Cheibriados thoroughly appreciates the change of pace.
Your Shields skill increases to level 9!
You slice the soul eater!! You block Winalumyl's attack.
GONNNNG!
You block the orange demon's attack.
GONNNNG!
The ynoxinul gestures.
You block the soul eater's attack.
BOUMMMMG!
Unknown command.
Unknown command.
Unknown command.
You hit Winalumyl. Your kick misses Winalumyl.
Winalumyl is moderately wounded.
You hit the soul eater. You block Winalumyl's attack.
GONNNNG!
You block the orange demon's attack.
BOUMMMMG!
Winalumyl hits you!
* * * LOW HITPOINT WARNING * * *
The ynoxinul gestures.
The soul eater draws from the surrounding life force!
* * * LOW HITPOINT WARNING * * *
The soul eater is healed.
Unknown command.
You take 24 damage, and have 10/75 hp.
MASSIVE DAMAGE!!
Unknown command.
Unknown command.
Unknown command.
You closely miss Winalumyl. Your kick misses Winalumyl.
Winalumyl is moderately wounded.
You slash the soul eater! You closely miss the ufetubus.
Winalumyl sneers, "Disclaim thyself, thou tasty dinner!"
You block Winalumyl's attack.
PTOANNNG!
You block the ufetubus's attack.
PTOANNNG!
You block the ufetubus's attack.
BONNNG!
You block the orange demon's attack.
BONNNG!
The ynoxinul gestures.
You block Winalumyl's attack.
PTOANNNG!
The soul eater closely misses you. The ufetubus closely misses you.
The ufetubus hits you but does no damage.
Unknown command.
Unknown command.
You fail to use your ability.
The ufetubus disappears in a puff of smoke!
You block the ufetubus's attack.
GONNNNG!
You block the ufetubus's attack.
BOUMMMMG!
You block Winalumyl's attack.
PTOANNNG!
The ufetubus hits you.
* * * LOW HITPOINT WARNING * * *
The ufetubus barely misses you. You block the orange demon's attack.
BOUMMMMG!
The ufetubus hits you.
* * * LOW HITPOINT WARNING * * *
The ufetubus closely misses you. You block the ufetubus's attack.
GONNNNG!
The ufetubus hits you but does no damage.
The soul eater draws from the surrounding life force!
* * * LOW HITPOINT WARNING * * *
The soul eater is healed.
You take 7 damage, and have 3/75 hp.
Unknown command.
Unknown command.
Unknown command.
Blink to where?
Press: ? - help, Dir - move target cursor You are very lightly contaminated with residual magic.
As you read the scroll of blinking, it crumbles to dust.
The soul eater draws from the surrounding life force!
You die...

▓..8©8...▓..8©8...▓
▓..):=...▓..)|}...▓
▓........▓....:...▓
▓........▓........▓
▓...†....▓........▓
▓.▓†...▓.▓.▓....▓.▓
▓...©....▓...©....▓
▓▓▓▓▓▓▓▓▓▓▓▓▓▓▓▓▓▓▓
▓...8©8..@▓..8©8..▓
▓..=)|}...▓..[.)..▓
▓...))=...▓..![)..▓
▓...5.....▓.......▓
▓.....&...▓.......▓
▓.554.....▓...†...▓
▓..353....▓.......▓
▓.▓555..▓.▓.▓...▓.▓
▓.5..©....▓...©...▓


You could see Winalumyl, a soul eater, an orange demon, a ynoxinul and 7
ufetubi.

Vanquished Creatures
  A soul eater (D)
  A black mamba (D)
  2 naga magi (D)
  A ynoxinul (D)
  A water moccasin (D)
  2 phantoms (D)
  A necrophage (D)
  A crimson imp (D)
  A mummy (D)
  6 adders (D)
  A white imp (D)
  3 ufetubi (D)
  An adder skeleton (D)
  2 adder zombies (D)
  A bat skeleton (D)
  2 bat zombies (D)
  A ball python skeleton (D)
  A giant cockroach zombie (D)
  A jackal zombie (D)
  A leopard gecko zombie (D)
  A quokka skeleton (D)
  A quokka zombie (D)
33 creatures vanquished.

Notes
Turn   | Place    | Note
-------+----------+-------------------------------------------
     0 | D        | Found the +6 Majin-Bo {vamp, Archmagi MP+6 Int+6}
     0 | D        | Found the +7 great mace "Firestarter" {inner flame, rF++}
     0 | D        | Goblin1989 the Demonspawn Monk began the quest for the Orb.
     0 | D        | Reached XP level 1. HP: 18/18 MP: 1/1
     5 | D        | Found a blossoming altar of Fedhas.
     6 | D        | Found an opulent altar of Gozag.
     6 | D        | Found a hazy altar of Hepliaklqana.
     6 | D        | Found a viscous altar of Jiyva.
     6 | D        | Found a transporter.
     8 | D        | Became a worshipper of Cheibriados the Contemplative
     8 | D        | Reached * piety under Cheibriados
     8 | D        | Reached ** piety under Cheibriados
    10 | D        | Found an ancient bone altar of Kikubaaqudgha.
    12 | D        | Found a corrupted altar of Lugonu.
    22 | D        | Found a deep blue altar of Sif Muna.
    22 | D        | Found a bloodstained altar of Trog.
    22 | D        | Found a sacrificial altar of Ru.
    22 | D        | Found a stormy altar of Qazlal.
    22 | D        | Found an iron altar of Okawaru.
    23 | D        | Found a sparkling altar of Nemelex Xobeh.
    25 | D        | Found a burning altar of Makhleb.
    53 | D        | Found the +9 heavy crossbow "Sniper" {velocity, Acc+∞ SInv}
    53 | D        | Found the +10 dark maul {crush}
    53 | D        | Found the +15 Maxwell's patent armour {-Cast -Tele rElec MR+ rCorr}
    53 | D        | Found the +18 shield of the Gong {rElec rN+ MR+ EV-5}
    53 | D        | Found the cursed +14 obsidian axe {chop, +Fly SInv *Curse}
    57 | D        | Found the +6 shillelagh "Devastator" {shatter}
    57 | D        | Found the +11 plutonium sword {*Contam Stlth-}
    57 | D        | Found the +8 lance "Wyrmbane" {slay drac, rPois rF+ rC+ AC+3}
    57 | D        | Found the +9 sword of Zonguldrok {reap}
    57 | D        | Found the cursed +13 scythe of Curses {drain, *Curse}
    57 | D        | Found the +0 sword of Power
    57 | D        | Found the +7 mace of Variability {chain chaos}
    57 | D        | Found the +7 Singing Sword
    57 | D        | Found the +7 longbow "Piercer" {penet, EV-2}
    96 | D        | Reached skill level 4 in Axes
    96 | D        | Gained mutation: You are partially covered in molten scales. (AC +2) [demonic ancestry]
    96 | D        | Reached XP level 2. HP: 25/25 MP: 2/2
   100 | D        | Entered arena 2.
   100 | D        | Found a transporter.
   104 | D        | Reached skill level 1 in Invocations
   106 | D        | Got the ring "Ysichi Qics" {MP+9 Str+3}
   109 | D        | Entered arena 3.
   109 | D        | Noticed a crimson imp
   109 | D        | Found a transporter.
   111 | D        | Reached skill level 5 in Axes
   111 | D        | Gained mutation: You are mostly covered in molten scales. (AC +3) [demonic ancestry]
   111 | D        | Reached XP level 3. HP: 31/31 MP: 2/4
   114 | D        | Reached *** piety under Cheibriados
   114 | D        | Gained mutation: You have sharp toenails. [demonic ancestry]
   114 | D        | Reached XP level 4. HP: 38/38 MP: 2/5
   120 | D        | Entered arena 4.
   120 | D        | Noticed a phantom
   120 | D        | Noticed a phantom
   120 | D        | Found a transporter.
   123 | D        | Reached **** piety under Cheibriados
   127 | D        | Killed a phantom
   127 | D        | Reached skill level 5 in Fighting
   127 | D        | Reached skill level 6 in Axes
   127 | D        | Reached XP level 5. HP: 44/44 MP: 4/8
   130 | D        | Killed a phantom
   130 | D        | Reached skill level 7 in Axes
   130 | D        | Reached skill level 5 in Dodging
   142 | D        | Got the +4 plate armour of Noughts and Crosses {Dex+5}
   148 | D        | Entered arena 5.
   148 | D        | Found a transporter.
   150 | D        | Reached skill level 5 in Invocations
   150 | D        | Reached ***** piety under Cheibriados
   150 | D        | Gained mutation: You sometimes gain a little power by taking damage. [demonic ancestry]
   150 | D        | Reached XP level 6. HP: 52/52 MP: 7/9
   161 | D        | Entered arena 6.
   161 | D        | Found a transporter.
   165 | D        | Reached ****** piety under Cheibriados
   173 | D        | Entered arena 7.
   174 | D        | Found a transporter.
   185 | D        | Got the cursed +1 flail of Fedhas's Benevolence {crush, Int+4}
   188 | D        | Got the cursed +1 dagger of Infinite Pain {flame, rElec}
   193 | D        | Entered arena 8.
   193 | D        | Noticed a naga mage
   193 | D        | Noticed a black mamba
   193 | D        | Noticed a water moccasin
   193 | D        | Noticed a naga mage
   194 | D        | Found a transporter.
   196 | D        | Killed a black mamba
   196 | D        | Reached skill level 8 in Axes
   196 | D        | Reached skill level 5 in Armour
   196 | D        | Reached XP level 7. HP: 60/60 MP: 10/12
   197 | D        | Reached skill level 9 in Axes
   203 | D        | Killed a naga mage
   203 | D        | Reached XP level 8. HP: 59/67 MP: 11/14
   207 | D        | Killed a naga mage
   212 | D        | Got the amulet "Owuq" {Harm *Drain rN+}
   214 | D        | Got the ring of Zoynwy {+Blink MP+9 Str+4}
   218 | D        | Entered arena 9.
   218 | D        | Noticed a soul eater
   218 | D        | Noticed an orange demon
   218 | D        | Noticed Winalumyl the pandemonium lord
   218 | D        | Noticed a soul eater
   219 | D        | Found a transporter.
   225 | D        | Killed a soul eater
   225 | D        | Reached skill level 10 in Axes
   225 | D        | Gained mutation: You sometimes gain power by taking damage. [demonic ancestry]
   225 | D        | Reached XP level 9. HP: 33/75 MP: 14/16
   229 | D        | HP: 3/75 [soul eater/drain life (5)]
   230 | D        | Killed from afar by a soul eater

Skill      XL: |  1  2  3  4  5  6  7  8  9 |
---------------+----------------------------+-----
Fighting       | 4 5 7 8 |  8.5
Axes           | 4 5 6 7 8 9 10 | 10.7
Armour         | 2 3 4 5 6 7 |  7.2
Dodging        | 3 4 5 6 7 |  7.9
Shields        | 2 3 4 6 7 8 9 |  9.0
Invocations    | 1 2 4 5 7 8 9 |  9.5
Stealth        | |  1.7

Action                   |  1- 3 |  4- 6 |  7- 9 || total
-------------------------+-------+-------+-------++-------
Melee: Broad axe         |     5 |    21 |    17 ||    43
       Kick              |       |     6 |     7 ||    13
Invok: Slouch            |       |       |     1 ||     1
  Use: Potion            |     4 |     2 |     1 ||     7
       Scroll            |       |       |     1 ||     1
  Eat: Ration            |       |     2 |       ||     2
Armor: Gold dragon scale |     1 |     4 |    14 ||    19
Dodge: Dodged            |       |     3 |    12 ||    15
Block: Shield            |     9 |    40 |    50 ||    99

Vault maps used:
D:        sprint_v
